[ AOE2 MATCH · #474957034 ]
UnrankedPersians vs Persians
[ REPLAY ANALYSIS · EXTRACTED FROM THE RECORDED GAME ]
Feudal
13:08
Castle
16:56
Imperial
—
| APM avg | 39.3 |
| APM peak | 84 |
| eAPM avg | 19.9 |
| Villagers / military | 43 / 9 |
Focus
⚔️ 24.4% · 🌾 75.6%
Fire Galley ×8 · Fishing Ship ×7 · Galley ×1 · Unknown (2626) ×1
Feudal
12:52
Castle
16:52
Imperial
—
| APM avg | 48.9 |
| APM peak | 72 |
| eAPM avg | 29.5 |
| Villagers / military | 72 / 21 |
Focus
⚔️ 28.0% · 🌾 72.0%
Galley ×17 · Fishing Ship ×16 · Mangonel ×3 · Unknown (2626) ×3 · Fire Galley ×1
Feudal
12:03
Castle
15:49
Imperial
—
| APM avg | 33.4 |
| APM peak | 54 |
| eAPM avg | 15.4 |
| Villagers / military | 37 / 22 |
Focus
⚔️ 27.4% · 🌾 72.6%
Fire Galley ×14 · Fishing Ship ×10 · Galley ×8
Feudal
14:02
Castle
17:32
Imperial
—
| APM avg | 36.6 |
| APM peak | 63 |
| eAPM avg | 18.7 |
| Villagers / military | 57 / 11 |
Focus
⚔️ 28.8% · 🌾 71.2%
Conquistador ×11 · Fishing Ship ×8
Feudal
13:00
Castle
20:25
Imperial
—
| APM avg | 42.5 |
| APM peak | 62 |
| eAPM avg | 20.1 |
| Villagers / military | 38 / 21 |
Focus
⚔️ 33.5% · 🌾 66.5%
Fishing Ship ×22 · Archer ×12 · Skirmisher ×9
Feudal
13:09
Castle
17:09
Imperial
—
| APM avg | 24.5 |
| APM peak | 43 |
| eAPM avg | 14.8 |
| Villagers / military | 37 / 0 |
Focus
⚔️ 35.8% · 🌾 64.2%
Unknown (2579) ×12 · Fishing Ship ×7
Match map
Initial resources + every placement click. Lines = walls · curves = elevation contours. ◆ gold · ⬟ stone · ● berries · ✦ relic · ◌ wall gap
Your base· Open — unwalled flank
LE | WilliamS's base· Open — 3t gap
Slowthinker's base· Open — unwalled flank
Shoko's base· Open — 11t gap
GorillaBear's base· Open — 5t gap
El Peregrino's base· Open — unwalled flank
Smoothed initial terrain · ◌ = detected wall gap · hover for details
Inputs per minute
— nalgene - - LE | WilliamS
Build order — nalgene
102 actions detected in the replay
| 0:15 | Build | Town Center |
| 0:59 | Build | Dock |
| 2:44 | Create | Villager (Male) |
| 2:44 | Create | Villager (Male) |
| 2:45 | Create | Villager (Male) |
| 2:50 | Create | Fishing Ship |
| 2:50 | Create | Fishing Ship |
| 2:53 | Create | Villager (Male) |
| 3:03 | Create | Villager (Male) |
| 3:35 | Create | Villager (Male) |
| 3:50 | Create | Fishing Ship |
| 4:11 | Build | House |
| 4:47 | Create | Villager (Male) |
| 5:09 | Create | Fishing Ship |
| 5:17 | Create | Villager (Male) |
| 5:25 | Create | Villager (Male) |
| 5:47 | Build | House |
| 5:51 | Create | Villager (Male) |
| 6:26 | Create | Fishing Ship |
| 6:27 | Create | Villager (Male) |
| 6:56 | Build | House |
| 6:58 | Create | Villager (Male) |
| 7:01 | Create | Villager (Male) |
| 7:14 | Create | Villager (Male) |
| 7:17 | Create | Villager (Male) |
| 7:56 | Create | Villager (Male) |
| 7:57 | Create | Fishing Ship |
| 8:08 | Create | Villager (Male) |
| 8:26 | Create | Villager (Male) |
| 8:28 | Build | Mill |
| 8:45 | Build | House |
| 9:14 | Create | Villager (Male) |
| 9:27 | Create | Villager (Male) |
| 10:29 | Create | Villager (Male) |
| 10:32 | Research | Feudal Age |
| 10:32 | Research | Feudal Age |
| 10:47 | Build | Mining Camp |
| 11:09 | Create | Fishing Ship |
| 11:15 | Build | House |
| 11:23 | Create | Villager (Male) |
| 11:23 | Create | Villager (Male) |
| 11:28 | Build | Lumber Camp |
| 11:52 | Build | Palisade Wall |
| 11:55 | Build | Palisade Wall |
| 12:13 | Build | Dock |
| 12:56 | Build | Palisade Wall |
| 12:58 | Build | Palisade Wall |
| 12:59 | Build | Palisade Wall |
| 13:01 | Build | Palisade Wall |
| 13:08 | Age | Feudal Age |
| 13:14 | Create | Galley |
| 13:19 | Build | Market |
| 13:33 | Create | Villager (Male) |
| 13:40 | Build | Blacksmith |
| 14:03 | Build | House |
| 14:30 | Research | Castle Age |
| 14:30 | Research | Castle Age |
| 14:39 | Build | House |
| 14:49 | Create | Villager (Male) |
| 14:53 | Build | House |
| 14:54 | Build | Palisade Wall |
| 15:08 | Research | Double-Bit Axe |
| 15:39 | Create | Villager (Male) |
| 15:42 | Create | Fire Galley |
| 15:51 | Create | Villager (Male) |
| 16:07 | Create | Fire Galley |
| 16:07 | Create | Fire Galley |
| 16:19 | Build | Dock |
| 16:50 | Create | Fire Galley |
| 16:50 | Create | Fire Galley |
| 16:56 | Age | Castle Age |
| 17:11 | Research | War Galley (upgrade) |
| 17:11 | Research | War Galley (upgrade) |
| 17:12 | Create | Villager (Male) |
| 17:21 | Create | Unit 2626 |
| 17:33 | Create | Villager (Male) |
| 17:43 | Create | Fire Galley |
| 17:43 | Create | Fire Galley |
| 17:43 | Create | Fire Galley |
| 17:51 | Create | Villager (Male) |
| 18:12 | Research | Loom |
| 18:12 | Research | Loom |
| 18:25 | Build | Town Center |
| 18:26 | Create | Villager (Male) |
| 18:46 | Create | Villager (Male) |
| 18:50 | Build | House |
| 19:09 | Create | Villager (Male) |
| 19:11 | Create | Villager (Male) |
| 19:12 | Create | Villager (Male) |
| 19:24 | Create | Villager (Male) |
| 19:37 | Create | Villager (Male) |
| 20:06 | Research | Town Watch |
| 20:29 | Build | Town Center |
| 20:30 | Create | Villager (Male) |
| 20:42 | Build | Town Center |
| 20:43 | Create | Villager (Male) |
| 21:07 | Create | Villager (Male) |
| 21:55 | Create | Villager (Male) |
| 21:56 | Create | Villager (Male) |
| 22:04 | Research | Wheelbarrow |
| 22:04 | Research | Wheelbarrow |
| 22:22 | Create | Villager (Male) |
Build order — LE | WilliamS
First 150 of 165 actions detected
| 0:13 | Build | Town Center |
| 0:57 | Build | Dock |
| 1:03 | Build | House |
| 2:32 | Create | Villager (Male) |
| 2:32 | Create | Villager (Male) |
| 2:33 | Create | Villager (Male) |
| 2:33 | Create | Villager (Male) |
| 2:33 | Create | Villager (Male) |
| 2:34 | Create | Fishing Ship |
| 3:51 | Build | House |
| 3:54 | Create | Villager (Male) |
| 4:11 | Create | Fishing Ship |
| 4:11 | Create | Fishing Ship |
| 4:42 | Create | Villager (Male) |
| 4:47 | Create | Fishing Ship |
| 4:47 | Create | Fishing Ship |
| 5:07 | Build | House |
| 5:22 | Build | House |
| 5:37 | Create | Villager (Male) |
| 5:37 | Create | Villager (Male) |
| 5:41 | Create | Fishing Ship |
| 6:03 | Create | Villager (Male) |
| 6:23 | Create | Fishing Ship |
| 6:25 | Create | Villager (Male) |
| 6:25 | Create | Villager (Male) |
| 6:33 | Build | House |
| 6:42 | Create | Villager (Male) |
| 6:42 | Create | Villager (Male) |
| 7:05 | Create | Villager (Male) |
| 7:05 | Create | Villager (Male) |
| 7:19 | Create | Villager (Male) |
| 7:22 | Create | Villager (Male) |
| 7:22 | Create | Villager (Male) |
| 7:28 | Create | Fishing Ship |
| 7:32 | Build | House |
| 7:37 | Create | Villager (Male) |
| 7:37 | Create | Villager (Male) |
| 7:38 | Create | Villager (Male) |
| 7:38 | Create | Villager (Male) |
| 7:48 | Create | Fishing Ship |
| 7:48 | Create | Fishing Ship |
| 7:55 | Create | Villager (Male) |
| 7:58 | Create | Villager (Male) |
| 8:27 | Create | Villager (Male) |
| 8:41 | Create | Villager (Male) |
| 8:45 | Build | Dock |
| 8:50 | Create | Villager (Male) |
| 8:58 | Create | Fishing Ship |
| 9:06 | Create | Villager (Male) |
| 9:11 | Build | House |
| 9:17 | Create | Villager (Male) |
| 9:18 | Create | Villager (Male) |
| 9:28 | Create | Fishing Ship |
| 9:59 | Create | Fishing Ship |
| 10:16 | Build | Lumber Camp |
| 10:44 | Research | Feudal Age |
| 11:00 | Build | Mining Camp |
| 11:13 | Create | Fishing Ship |
| 11:22 | Create | Fishing Ship |
| 11:31 | Build | Mill |
| 11:59 | Create | Fishing Ship |
| 12:03 | Build | House |
| 12:10 | Create | Villager (Male) |
| 12:11 | Create | Villager (Male) |
| 12:52 | Age | Feudal Age |
| 12:54 | Build | Market |
| 13:20 | Build | Blacksmith |
| 13:24 | Build | House |
| 13:34 | Create | Galley |
| 13:36 | Create | Villager (Male) |
| 14:01 | Create | Villager (Male) |
| 14:07 | Create | Galley |
| 14:18 | Research | Castle Age |
| 14:19 | Research | Castle Age |
| 14:36 | Create | Galley |
| 14:50 | Research | Double-Bit Axe |
| 15:14 | Research | Fletching |
| 15:15 | Create | Galley |
| 15:24 | Build | House |
| 15:34 | Build | House |
| 15:34 | Build | House |
| 15:35 | Build | House |
| 15:35 | Build | House |
| 15:41 | Create | Galley |
| 15:47 | Create | Villager (Male) |
| 16:04 | Research | Gold Mining |
| 16:12 | Create | Galley |
| 16:31 | Create | Villager (Male) |
| 16:49 | Create | Villager (Male) |
| 16:52 | Age | Castle Age |
| 16:58 | Research | War Galley (upgrade) |
| 17:02 | Research | Bodkin Arrow |
| 17:10 | Create | Villager (Male) |
| 17:21 | Build | Town Center |
| 17:32 | Create | Villager (Male) |
| 17:32 | Create | Villager (Male) |
| 17:51 | Build | House |
| 17:54 | Create | Villager (Male) |
| 17:56 | Research | Loom |
| 17:56 | Create | Galley |
| 17:57 | Create | Galley |
| 18:07 | Create | Villager (Male) |
| 18:15 | Create | Villager (Male) |
| 18:33 | Create | Villager (Male) |
| 18:47 | Create | Galley |
| 18:48 | Create | Villager (Male) |
| 18:49 | Create | Galley |
| 18:57 | Create | Villager (Male) |
| 19:06 | Create | Unit 2626 |
| 19:06 | Create | Unit 2626 |
| 19:07 | Create | Villager (Male) |
| 19:12 | Create | Villager (Male) |
| 19:29 | Build | Town Center |
| 19:37 | Research | Horse Collar |
| 19:38 | Create | Villager (Male) |
| 19:38 | Create | Villager (Male) |
| 19:41 | Build | House |
| 19:50 | Create | Unit 2626 |
| 19:51 | Create | Villager (Male) |
| 19:55 | Build | Farm |
| 19:57 | Build | Farm |
| 20:00 | Create | Villager (Male) |
| 20:00 | Create | Villager (Male) |
| 20:06 | Create | Fire Galley |
| 20:09 | Create | Galley |
| 20:15 | Build | House |
| 20:23 | Create | Galley |
| 20:28 | Create | Villager (Male) |
| 20:28 | Create | Villager (Male) |
| 20:49 | Create | Villager (Male) |
| 20:49 | Create | Villager (Male) |
| 21:13 | Build | Siege Workshop |
| 21:17 | Build | Siege Workshop |
| 21:18 | Build | Farm |
| 21:19 | Build | Farm |
| 21:20 | Create | Villager (Male) |
| 21:27 | Create | Galley |
| 21:27 | Create | Galley |
| 21:31 | Build | House |
| 21:37 | Create | Villager (Male) |
| 21:37 | Create | Villager (Male) |
| 21:41 | Create | Villager (Male) |
| 21:41 | Create | Villager (Male) |
| 21:52 | Build | Farm |
| 22:03 | Create | Galley |
| 22:03 | Create | Galley |
| 22:07 | Create | Villager (Male) |
| 22:07 | Create | Villager (Male) |
| 22:17 | Create | Galley |
| 22:19 | Build | House |
Build order — Slowthinker
104 actions detected in the replay
| 0:12 | Build | Town Center |
| 0:26 | Build | Dock |
| 2:29 | Create | Villager (Male) |
| 2:30 | Create | Villager (Male) |
| 2:30 | Create | Villager (Male) |
| 2:30 | Create | Villager (Male) |
| 2:31 | Create | Villager (Male) |
| 3:27 | Create | Fishing Ship |
| 3:47 | Build | House |
| 3:54 | Create | Villager (Male) |
| 4:54 | Create | Fishing Ship |
| 4:59 | Create | Villager (Male) |
| 5:14 | Create | Villager (Male) |
| 5:28 | Create | Villager (Male) |
| 6:01 | Create | Villager (Male) |
| 6:08 | Create | Fishing Ship |
| 6:12 | Build | House |
| 6:17 | Research | Loom |
| 6:31 | Create | Villager (Male) |
| 6:45 | Create | Fishing Ship |
| 7:17 | Build | House |
| 7:23 | Create | Villager (Male) |
| 7:24 | Create | Villager (Male) |
| 7:31 | Create | Fishing Ship |
| 7:59 | Create | Villager (Male) |
| 8:09 | Create | Fishing Ship |
| 8:33 | Create | Villager (Male) |
| 8:57 | Build | Mill |
| 9:00 | Create | Villager (Male) |
| 9:11 | Build | House |
| 9:19 | Create | Villager (Male) |
| 9:45 | Build | Mining Camp |
| 9:51 | Research | Feudal Age |
| 10:39 | Build | Dock |
| 11:50 | Create | Villager (Male) |
| 11:50 | Create | Villager (Male) |
| 12:03 | Age | Feudal Age |
| 12:05 | Build | Market |
| 12:14 | Build | Blacksmith |
| 13:09 | Research | Castle Age |
| 13:29 | Create | Fishing Ship |
| 13:29 | Create | Fishing Ship |
| 14:08 | Create | Galley |
| 14:08 | Create | Galley |
| 14:55 | Create | Galley |
| 14:56 | Create | Galley |
| 15:06 | Build | House |
| 15:09 | Build | Palisade Wall |
| 15:13 | Research | Fletching |
| 15:30 | Create | Villager (Male) |
| 15:30 | Create | Villager (Male) |
| 15:38 | Build | House |
| 15:40 | Build | House |
| 15:49 | Age | Castle Age |
| 15:56 | Research | War Galley (upgrade) |
| 16:02 | Create | Villager (Male) |
| 16:23 | Build | Lumber Camp |
| 16:35 | Research | Bodkin Arrow |
| 16:44 | Create | Galley |
| 16:44 | Create | Galley |
| 16:55 | Create | Villager (Male) |
| 17:19 | Create | Villager (Male) |
| 17:23 | Create | Galley |
| 17:24 | Create | Galley |
| 17:27 | Create | Villager (Male) |
| 17:28 | Research | Double-Bit Axe |
| 18:01 | Create | Fire Galley |
| 18:01 | Create | Fire Galley |
| 18:03 | Create | Villager (Male) |
| 18:31 | Create | Fire Galley |
| 18:32 | Create | Fire Galley |
| 18:46 | Create | Villager (Male) |
| 18:52 | Build | Dock |
| 19:03 | Create | Villager (Male) |
| 19:06 | Build | Mining Camp |
| 19:16 | Build | House |
| 19:28 | Create | Fire Galley |
| 19:28 | Create | Fire Galley |
| 19:35 | Build | House |
| 19:37 | Build | House |
| 19:39 | Create | Villager (Male) |
| 19:39 | Create | Villager (Male) |
| 19:56 | Create | Fire Galley |
| 19:56 | Create | Fire Galley |
| 19:57 | Create | Fire Galley |
| 20:00 | Create | Villager (Male) |
| 20:07 | Create | Villager (Male) |
| 20:26 | Build | University |
| 20:33 | Create | Fire Galley |
| 20:33 | Create | Fire Galley |
| 20:35 | Create | Villager (Male) |
| 20:46 | Research | Wheelbarrow |
| 21:08 | Create | Villager (Male) |
| 21:30 | Build | House |
| 21:38 | Create | Villager (Male) |
| 21:53 | Build | Town Center |
| 22:20 | Create | Fire Galley |
| 22:20 | Create | Fire Galley |
| 22:20 | Create | Fire Galley |
| 22:27 | Create | Fishing Ship |
| 22:27 | Create | Fishing Ship |
| 22:30 | Create | Villager (Male) |
| 22:42 | Create | Villager (Male) |
| 23:14 | Research | Ballistics |
Build order — Shoko
112 actions detected in the replay
| 0:08 | Build | Town Center |
| 0:51 | Build | Dock |
| 0:55 | Build | House |
| 2:40 | Create | Villager (Male) ×4 |
| 3:56 | Create | Fishing Ship |
| 3:56 | Create | Fishing Ship |
| 3:57 | Create | Villager (Male) |
| 4:14 | Build | House |
| 4:43 | Create | Villager (Male) |
| 4:44 | Create | Villager (Male) |
| 5:10 | Create | Villager (Male) |
| 5:11 | Create | Villager (Male) |
| 5:33 | Create | Villager (Male) |
| 5:33 | Create | Villager (Male) |
| 5:39 | Build | House |
| 5:56 | Create | Villager (Male) |
| 5:56 | Create | Villager (Male) |
| 6:02 | Create | Fishing Ship |
| 6:22 | Create | Villager (Male) |
| 6:22 | Create | Villager (Male) |
| 6:46 | Create | Villager (Male) |
| 6:47 | Create | Villager (Male) |
| 6:47 | Create | Villager (Male) |
| 7:04 | Create | Fishing Ship |
| 7:29 | Create | Villager (Male) |
| 7:33 | Create | Fishing Ship |
| 7:33 | Create | Fishing Ship |
| 7:34 | Create | Villager (Male) |
| 7:34 | Create | Villager (Male) |
| 7:38 | Create | Villager (Male) |
| 7:59 | Create | Villager (Male) |
| 8:05 | Research | Loom |
| 8:10 | Build | House |
| 8:14 | Create | Villager (Male) |
| 8:14 | Create | Villager (Male) |
| 8:32 | Create | Fishing Ship |
| 8:49 | Create | Villager (Male) |
| 9:11 | Build | House |
| 9:24 | Create | Villager (Male) |
| 9:41 | Create | Fishing Ship |
| 9:54 | Create | Villager (Male) |
| 10:16 | Create | Villager (Male) |
| 10:21 | Build | Mill |
| 10:54 | Create | Villager (Male) |
| 11:17 | Build | Lumber Camp |
| 11:23 | Create | Villager (Male) |
| 11:25 | Research | Feudal Age |
| 11:36 | Build | Mining Camp |
| 11:56 | Build | Mining Camp |
| 13:00 | Create | Villager (Male) |
| 13:00 | Create | Villager (Male) |
| 13:06 | Build | House |
| 13:07 | Build | House |
| 14:02 | Age | Feudal Age |
| 14:03 | Build | Blacksmith |
| 14:04 | Build | Market |
| 14:18 | Build | Palisade Wall |
| 14:46 | Research | Castle Age |
| 15:12 | Research | Double-Bit Axe |
| 16:07 | Create | Villager (Male) |
| 16:30 | Research | Horse Collar |
| 17:25 | Research | Fletching |
| 17:32 | Age | Castle Age |
| 17:38 | Build | Castle |
| 17:45 | Build | Castle |
| 17:52 | Create | Villager (Male) |
| 17:52 | Create | Villager (Male) |
| 18:26 | Create | Villager (Male) |
| 18:30 | Create | Conquistador |
| 18:30 | Create | Conquistador |
| 18:40 | Build | Town Center |
| 18:53 | Create | Villager (Male) |
| 18:54 | Create | Villager (Male) |
| 18:55 | Create | Conquistador |
| 19:31 | Create | Conquistador |
| 19:41 | Build | Farm |
| 19:48 | Create | Villager (Male) |
| 19:48 | Create | Villager (Male) |
| 20:17 | Create | Villager (Male) |
| 20:28 | Create | Villager (Male) |
| 20:28 | Create | Villager (Male) |
| 20:32 | Build | Farm |
| 20:58 | Create | Conquistador |
| 20:58 | Create | Conquistador |
| 20:59 | Create | Villager (Male) |
| 20:59 | Create | Villager (Male) |
| 21:11 | Build | Farm |
| 21:13 | Build | Farm |
| 21:14 | Build | Farm |
| 21:19 | Create | Villager (Male) |
| 21:37 | Create | Conquistador |
| 21:38 | Create | Villager (Male) |
| 21:42 | Build | Farm |
| 21:43 | Build | Farm |
| 21:50 | Create | Villager (Male) |
| 21:50 | Create | Villager (Male) |
| 22:03 | Build | Farm |
| 22:21 | Create | Villager (Male) |
| 22:21 | Create | Villager (Male) |
| 22:31 | Create | Villager (Male) |
| 22:31 | Create | Villager (Male) |
| 22:36 | Create | Villager (Male) |
| 22:36 | Create | Villager (Male) |
| 22:39 | Build | Farm |
| 22:39 | Build | Farm |
| 22:55 | Create | Conquistador |
| 22:55 | Create | Conquistador |
| 23:00 | Build | Farm |
| 23:02 | Build | Farm |
| 23:04 | Create | Villager (Male) |
| 23:06 | Create | Conquistador |
| 23:07 | Create | Conquistador |
Build order — GorillaBear
131 actions detected in the replay
| 0:24 | Build | Town Center |
| 1:07 | Build | Dock |
| 1:13 | Build | Palisade Wall |
| 1:15 | Build | Palisade Wall |
| 1:17 | Build | Palisade Wall |
| 2:41 | Create | Villager (Male) |
| 2:41 | Create | Villager (Male) |
| 2:42 | Create | Villager (Male) |
| 2:42 | Create | Villager (Male) |
| 4:01 | Create | Fishing Ship |
| 4:02 | Create | Fishing Ship |
| 4:13 | Create | Villager (Male) |
| 4:13 | Create | Villager (Male) |
| 4:43 | Create | Villager (Male) |
| 4:43 | Create | Villager (Male) |
| 4:51 | Create | Villager (Male) |
| 4:51 | Create | Villager (Male) |
| 4:58 | Build | House |
| 5:31 | Create | Villager (Male) |
| 5:31 | Create | Villager (Male) |
| 5:51 | Create | Villager (Male) |
| 5:54 | Create | Fishing Ship |
| 5:54 | Create | Fishing Ship |
| 6:09 | Create | Villager (Male) |
| 6:10 | Create | Villager (Male) |
| 6:44 | Build | House |
| 6:57 | Create | Villager (Male) |
| 6:58 | Create | Fishing Ship |
| 7:11 | Build | House |
| 7:14 | Build | Palisade Wall |
| 7:21 | Create | Villager (Male) |
| 7:36 | Create | Fishing Ship |
| 7:52 | Create | Villager (Male) |
| 7:59 | Create | Fishing Ship |
| 8:22 | Create | Villager (Male) |
| 8:30 | Create | Fishing Ship |
| 8:41 | Build | House |
| 8:54 | Create | Villager (Male) |
| 8:59 | Build | House |
| 9:01 | Create | Villager (Male) |
| 9:02 | Create | Villager (Male) |
| 9:21 | Build | House |
| 9:24 | Create | Fishing Ship |
| 9:28 | Research | Loom |
| 10:02 | Build | Lumber Camp |
| 10:50 | Research | Feudal Age |
| 10:50 | Research | Feudal Age |
| 11:22 | Build | Barracks |
| 11:28 | Build | Dock |
| 11:33 | Build | Palisade Wall |
| 12:07 | Create | Fishing Ship |
| 12:14 | Create | Fishing Ship |
| 12:41 | Build | Mining Camp |
| 12:45 | Create | Villager (Male) |
| 12:46 | Create | Villager (Male) |
| 13:00 | Age | Feudal Age |
| 13:00 | Build | House |
| 13:04 | Research | Double-Bit Axe |
| 13:04 | Research | Double-Bit Axe |
| 13:13 | Create | Fishing Ship |
| 13:18 | Research | Tech 906 |
| 13:22 | Create | Fishing Ship |
| 13:30 | Build | Archery Range |
| 13:50 | Create | Villager (Male) |
| 13:53 | Create | Villager (Male) |
| 14:01 | Create | Fishing Ship |
| 14:09 | Build | Dock |
| 14:19 | Create | Archer |
| 14:21 | Create | Archer |
| 14:26 | Create | Villager (Male) |
| 14:30 | Create | Fishing Ship |
| 14:30 | Create | Fishing Ship |
| 14:38 | Create | Archer |
| 14:49 | Create | Villager (Male) |
| 14:57 | Create | Fishing Ship |
| 15:19 | Create | Archer |
| 15:36 | Build | Dock |
| 15:38 | Create | Villager (Male) |
| 15:38 | Create | Villager (Male) |
| 15:44 | Build | Mill |
| 16:02 | Create | Fishing Ship |
| 16:02 | Create | Fishing Ship |
| 16:06 | Create | Archer |
| 16:18 | Build | Blacksmith |
| 16:30 | Create | Villager (Male) |
| 16:54 | Create | Archer |
| 16:55 | Create | Villager (Male) |
| 16:56 | Create | Villager (Male) |
| 17:07 | Build | Archery Range |
| 17:12 | Research | Fletching |
| 17:43 | Research | Castle Age |
| 17:43 | Research | Castle Age |
| 18:18 | Build | Stone Wall |
| 18:24 | Build | Stone Wall |
| 18:29 | Build | Stone Wall |
| 18:35 | Create | Skirmisher |
| 18:35 | Create | Skirmisher |
| 18:36 | Create | Skirmisher |
| 18:42 | Build | House |
| 18:43 | Build | House |
| 18:52 | Build | House |
| 18:54 | Build | House |
| 19:00 | Build | House |
| 19:23 | Research | Padded Archer Armor |
| 19:31 | Create | Skirmisher |
| 19:31 | Create | Skirmisher |
| 19:32 | Create | Skirmisher |
| 20:00 | Build | Stable |
| 20:07 | Create | Archer |
| 20:07 | Create | Archer |
| 20:08 | Create | Archer |
| 20:08 | Create | Archer |
| 20:13 | Build | Archery Range |
| 20:20 | Create | Fishing Ship |
| 20:21 | Create | Fishing Ship |
| 20:21 | Create | Fishing Ship |
| 20:25 | Age | Castle Age |
| 20:40 | Research | Thumb Ring |
| 20:40 | Research | Thumb Ring |
| 21:05 | Build | Siege Workshop |
| 21:35 | Create | Archer |
| 21:35 | Create | Archer |
| 22:06 | Build | Market |
| 22:13 | Create | Villager (Male) ×5 |
| 22:26 | Research | Bodkin Arrow |
| 22:26 | Research | Bodkin Arrow |
| 23:06 | Create | Skirmisher |
| 23:06 | Create | Skirmisher |
| 23:07 | Create | Skirmisher |
| 23:11 | Build | House |
| 23:12 | Build | House |
Build order — El Peregrino
89 actions detected in the replay
| 0:16 | Build | House |
| 0:36 | Build | Town Center |
| 1:07 | Build | Dock |
| 3:04 | Create | Villager (Male) |
| 3:30 | Create | Villager (Male) |
| 3:31 | Create | Villager (Male) |
| 3:31 | Create | Villager (Male) |
| 3:32 | Create | Villager (Male) |
| 3:42 | Create | Fishing Ship |
| 3:43 | Create | Fishing Ship |
| 4:39 | Build | House |
| 5:00 | Create | Fishing Ship |
| 5:03 | Create | Villager (Male) |
| 5:25 | Build | Palisade Wall |
| 5:30 | Build | Palisade Wall |
| 5:36 | Build | Palisade Wall |
| 5:42 | Create | Villager (Male) |
| 5:57 | Create | Fishing Ship |
| 6:08 | Create | Villager (Male) |
| 6:31 | Build | House |
| 6:35 | Create | Villager (Male) |
| 7:00 | Create | Villager (Male) |
| 7:02 | Create | Fishing Ship |
| 7:30 | Create | Villager (Male) |
| 7:54 | Build | House |
| 7:58 | Create | Villager (Male) |
| 8:06 | Create | Fishing Ship |
| 8:23 | Create | Villager (Male) |
| 8:46 | Research | Loom |
| 8:55 | Build | House |
| 9:05 | Create | Villager (Male) |
| 9:40 | Create | Villager (Male) |
| 9:41 | Create | Fishing Ship |
| 9:46 | Build | House |
| 10:06 | Create | Villager (Male) |
| 10:13 | Build | Settlement |
| 10:34 | Create | Villager (Male) |
| 10:55 | Research | Feudal Age |
| 11:15 | Create | Villager (Male) |
| 11:17 | Create | Villager (Male) |
| 11:43 | Build | Settlement |
| 13:09 | Age | Feudal Age |
| 13:25 | Build | Market |
| 13:45 | Build | Blacksmith |
| 14:04 | Create | Villager (Male) |
| 14:21 | Research | Castle Age |
| 15:00 | Research | Double-Bit Axe |
| 17:02 | Create | Villager (Male) |
| 17:09 | Age | Castle Age |
| 17:10 | Build | Castle |
| 17:31 | Build | Settlement |
| 17:36 | Create | Villager (Male) |
| 17:47 | Create | Villager (Male) |
| 18:00 | Research | Fletching |
| 18:12 | Create | Unit 2579 |
| 18:31 | Research | Bodkin Arrow |
| 18:31 | Research | Bodkin Arrow |
| 18:37 | Create | Villager (Male) |
| 18:42 | Create | Unit 2579 |
| 18:58 | Create | Villager (Male) |
| 19:03 | Create | Villager (Male) |
| 19:49 | Create | Unit 2579 |
| 19:49 | Create | Unit 2579 |
| 19:51 | Create | Villager (Male) |
| 19:51 | Create | Villager (Male) |
| 20:21 | Create | Unit 2579 |
| 20:24 | Create | Villager (Male) |
| 20:29 | Research | Horse Collar |
| 20:34 | Build | Farm |
| 20:36 | Build | Farm |
| 20:49 | Create | Unit 2579 |
| 20:59 | Create | Villager (Male) |
| 21:00 | Create | Unit 2579 |
| 21:16 | Create | Villager (Male) |
| 21:18 | Build | Farm |
| 21:20 | Build | Farm |
| 21:21 | Create | Unit 2579 |
| 21:36 | Create | Unit 2579 |
| 21:39 | Create | Villager (Male) |
| 22:06 | Build | Siege Workshop |
| 22:12 | Create | Unit 2579 |
| 22:16 | Create | Villager (Male) |
| 22:18 | Build | Farm |
| 22:40 | Create | Villager (Male) |
| 22:40 | Create | Villager (Male) |
| 22:41 | Create | Unit 2579 |
| 22:43 | Create | Unit 2579 |
| 23:16 | Create | Villager (Male) |
| 23:16 | Create | Villager (Male) |
Match timeline
| 0:26 | Slowthinker · first_building Dock |
| 0:51 | Shoko · first_building Dock |
| 0:57 | LE | WilliamS · first_building Dock |
| 0:59 | nalgene · first_building Dock |
| 1:07 | GorillaBear · first_building Dock |
| 1:07 | El Peregrino · first_building Dock |
| 1:13 | GorillaBear · wall_segment Palisade Wall x1 |
| 1:15 | GorillaBear · wall_segment Palisade Wall x1 |
| 1:17 | GorillaBear · wall_segment Palisade Wall x1 |
| 5:25 | El Peregrino · wall_segment Palisade Wall x1 |
| 5:30 | El Peregrino · wall_segment Palisade Wall x1 |
| 5:36 | El Peregrino · wall_segment Palisade Wall x1 |
| 7:14 | GorillaBear · wall_segment Palisade Wall x1 |
| 11:22 | GorillaBear · first_building Barracks |
| 11:33 | GorillaBear · wall_segment Palisade Wall x1 |
| 11:52 | nalgene · wall_segment Palisade Wall x1 |
| 11:55 | nalgene · wall_segment Palisade Wall x1 |
| 12:03 | Slowthinker · age_up feudal |
| 12:52 | LE | WilliamS · age_up feudal |
| 12:56 | nalgene · wall_segment Palisade Wall x1 |
| 12:58 | nalgene · wall_segment Palisade Wall x1 |
| 12:59 | nalgene · wall_segment Palisade Wall x1 |
| 13:00 | GorillaBear · age_up feudal |
| 13:01 | nalgene · wall_segment Palisade Wall x1 |
| 13:08 | nalgene · age_up feudal |
| 13:09 | El Peregrino · age_up feudal |
| 13:30 | GorillaBear · first_building Archery Range |
| 14:02 | Shoko · age_up feudal |
| 14:18 | Shoko · wall_segment Palisade Wall x7 |
| 14:50 | Slowthinker · first_market_sell 100 food |
| 14:54 | nalgene · wall_segment Palisade Wall x1 |
| 15:09 | Slowthinker · wall_segment Palisade Wall x1 |
| 15:49 | Slowthinker · age_up castle |
| 16:28 | Shoko · first_market_buy 100 food |
| 16:52 | LE | WilliamS · age_up castle |
| 16:56 | nalgene · age_up castle |
| 17:09 | El Peregrino · age_up castle |
| 17:10 | El Peregrino · first_building Castle |
| 17:32 | Shoko · age_up castle |
| 17:38 | Shoko · first_building Castle |
| 18:18 | GorillaBear · wall_segment Stone Wall x9 |
| 18:24 | GorillaBear · wall_segment Stone Wall x10 |
| 18:26 | El Peregrino · first_market_sell 100 wood |
| 18:29 | GorillaBear · wall_segment Stone Wall x1 |
| 18:29 | El Peregrino · first_market_buy 100 food |
| 19:36 | LE | WilliamS · first_market_buy 100 food |
| 20:00 | GorillaBear · first_building Stable |
| 20:25 | GorillaBear · age_up castle |
| 21:05 | GorillaBear · first_building Siege Workshop |
| 21:13 | LE | WilliamS · first_building Siege Workshop |
| 22:06 | El Peregrino · first_building Siege Workshop |
| 23:11 | nalgene · resign |
[ AI ANALYSIS · 1 CREDIT ]
What really happened in this match?
Wolo.gg analyzes every decision: build order, eco, micro, common mistakes by bracket. Personalized analysis on WhatsApp or Discord in 30 seconds.
Civ guide
Persians
Perfil
nalgene